| TOP OF THE 1ST |
|
Washington State University Cougars batting - Pitching for University of Illinois Fighting Illini : RHP Victor Altagracia
|
|
Pitching: RHP Victor Altagracia
|
|
|
Batting: LHB David Jackson
|
0-0: Called Strike 0-1: Ball 1-1: Ball 2-1: Foul Ball, location: 2F 2-2: Fly out, F7 (Flyball, 7LSF, EV 84.4 MPH)
|
|
Batting: RHB Mas Langat
|
0-0: Foul Ball, location: 2F 0-1: Foul Ball, location: 2F 0-2: Foul Ball, location: 2F 0-2: Ball 1-2: SINGLE (Line Drive, 6M, EV 103.8 MPH)
|
|
Batting: LHB Scott Spillers
|
0-0: Ball 1-0: Ball 2-0: Called Strike 2-1: Foul Ball, location: 2F 2-2: Strikes out looking
|
|
Batting: SHB Juan Delanoval
|
0-0: Foul Ball, location: 2F 0-1: Ball 1-1: Fly out, F4 (Popup, 4, EV 71.2 MPH)
|
| Top of the 1st over - 0 runs, 1 hit, 0 errors, 1 left on base; Washington State University 0 - University of Illinois 0 |
| BOTTOM OF THE 1ST |
|
University of Illinois Fighting Illini batting - Pitching for Washington State University Cougars : RHP Steve Cooper
|
|
Pitching: RHP Steve Cooper
|
|
|
Batting: SHB Dan Strickland
|
0-0: Ball 1-0: Foul Ball, location: 2F 1-1: Fly out, F7 (Line Drive, 7S, EV 100.0 MPH)
|
|
Batting: RHB Lance Borgen
|
0-0: Foul Ball, location: 2F 0-1: Fly out, F8 (Flyball, 8LM, EV 93.8 MPH)
|
|
Batting: RHB Caleb Dean
|
0-0: Called Strike 0-1: Foul Ball, location: 2F 0-2: Ball 1-2: Ball 2-2: Strikes out looking
|
| Bottom of the 1st over - 0 runs, 0 hits, 0 errors, 0 left on base; Washington State University 0 - University of Illinois 0 |
| TOP OF THE 2ND |
|
Washington State University Cougars batting - Pitching for University of Illinois Fighting Illini : RHP Victor Altagracia
|
|
Batting: LHB Israel Ariza
|
0-0: Called Strike 0-1: Ball 1-1: Ground out 6-3 (Groundball, 56, EV 89.4 MPH)
|
|
Batting: RHB Wil Gonzales
|
0-0: Fly out, F8 (Flyball, 78S, EV 90.0 MPH)
|
|
Batting: RHB Ryan Toth
|
0-0: Ball 1-0: Foul Ball, location: 2F 1-1: Foul Ball, location: 2F 1-2: Foul Ball, location: 2F 1-2: Ball 2-2: Ball 3-2: Foul Ball, location: 2F 3-2: Base on Balls
|
|
Batting: RHB Ron Essink
|
0-0: Called Strike 0-1: Ball 1-1: Called Strike 1-2: Ball 2-2: Strikes out looking
|
| Top of the 2nd over - 0 runs, 0 hits, 0 errors, 1 left on base; Washington State University 0 - University of Illinois 0 |
| BOTTOM OF THE 2ND |
|
University of Illinois Fighting Illini batting - Pitching for Washington State University Cougars : RHP Steve Cooper
|
|
Batting: RHB Roger Whitaker
|
0-0: Ground out 6-3 (Groundball, 6, EV 109.4 MPH)
|
|
Batting: LHB Mike Murphy
|
0-0: Called Strike 0-1: Foul Ball, location: 2F 0-2: SINGLE (Groundball, 4MD, EV 108.8 MPH)
|
|
Batting: SHB Bernie Gallegos
|
0-0: Called Strike 0-1: 2-RUN HOME RUN (Flyball, 9D, EV 94.4 MPH), Distance : 366 ft
|
|
Batting: RHB Damien Blot
|
0-0: Ground out 4-3 (Groundball, 4, EV 82.5 MPH)
|
|
Batting: LHB Matt Highfill
|
0-0: Ball 1-0: Fly out, F7 (Line Drive, 7S, EV 93.1 MPH)
|
| Bottom of the 2nd over - 2 runs, 2 hits, 0 errors, 0 left on base; Washington State University 0 - University of Illinois 2 |
| TOP OF THE 3RD |
|
Washington State University Cougars batting - Pitching for University of Illinois Fighting Illini : RHP Victor Altagracia
|
|
Batting: RHB Joe Weber
|
0-0: Ball 1-0: Foul Ball, location: 2F 1-1: Called Strike 1-2: Ball 2-2: Foul Ball, location: 2F 2-2: Ball 3-2: Base on Balls
|
|
Batting: LHB David Jackson
|
0-0: Called Strike 0-1: Ball 1-1: Ball 2-1: Ball 3-1: Base on Balls Joe Weber to second
|
|
Batting: RHB Mas Langat
|
0-0: Ball 1-0: Foul Ball, location: 2F 1-1: Fly out, F7 (Line Drive, 7, EV 93.8 MPH)
|
|
Batting: LHB Scott Spillers
|
0-0: Ball 1-0: Called Strike 1-1: Called Strike 1-2: Ball 2-2: Ball 3-2: 3-RUN HOME RUN (Line Drive, 9LD, EV 95.0 MPH), Distance : 377 ft
|
|
Batting: SHB Juan Delanoval
|
0-0: Swinging Strike 0-1: Ball 1-1: Foul Ball, location: 2F 1-2: Ball 2-2: Strikes out swinging
|
|
Batting: LHB Israel Ariza
|
0-0: Ball 1-0: Ball 2-0: Ball 3-0: Called Strike 3-1: Called Strike 3-2: Foul Ball, location: 2F 3-2: Foul Ball, location: 2F 3-2: SOLO HOME RUN (Flyball, 9D, EV 96.9 MPH), Distance : 373 ft
|
|
Batting: RHB Wil Gonzales
|
0-0: Ball 1-0: Ball 2-0: Called Strike 2-1: Foul Ball, location: 2F 2-2: Strikes out swinging
|
| Top of the 3rd over - 4 runs, 2 hits, 0 errors, 0 left on base; Washington State University 4 - University of Illinois 2 |
| BOTTOM OF THE 3RD |
|
University of Illinois Fighting Illini batting - Pitching for Washington State University Cougars : RHP Steve Cooper
|
|
Batting: RHB Hector Flores
|
0-0: Ball 1-0: DOUBLE (Line Drive, 8LD, EV 103.1 MPH)
|
|
Batting: SHB Dan Strickland
|
0-0: Called Strike 0-1: Ball 1-1: Ball 2-1: Ground out 5-3 (Groundball, 56S, EV 86.2 MPH)
|
|
Batting: RHB Lance Borgen
|
0-0: Fly out, F8 (Flyball, 8RD, EV 96.2 MPH)
|
|
Batting: RHB Caleb Dean
|
0-0: Called Strike 0-1: Ball 1-1: Ball 2-1: Ball 3-1: Foul Ball, location: 2F 3-2: Base on Balls
|
|
Batting: RHB Roger Whitaker
|
0-0: Foul Ball, location: 2F 0-1: Ball 1-1: Foul Ball, location: 2F 1-2: Ball 2-2: Strikes out swinging
|
| Bottom of the 3rd over - 0 runs, 1 hit, 0 errors, 2 left on base; Washington State University 4 - University of Illinois 2 |
| TOP OF THE 4TH |
|
Washington State University Cougars batting - Pitching for University of Illinois Fighting Illini : RHP Victor Altagracia
|
|
Batting: RHB Ryan Toth
|
0-0: Called Strike 0-1: Called Strike 0-2: Foul Ball, location: 2F 0-2: Hit by Pitch
|
|
Pitching: RHP Bryan Schauman
|
|
|
Batting: RHB Ron Essink
|
0-0: Ball 1-0: Fly out, F8 (Line Drive, 8RM, EV 95.6 MPH)
|
|
Batting: RHB Joe Weber
|
0-0: Called Strike 0-1: Ball 1-1: Swinging Strike 1-2: Foul Ball, location: 2F 1-2: Ball 2-2: Fly out, F8 (Flyball, 8RM, EV 82.5 MPH)
|
|
Batting: LHB David Jackson
|
0-0: Swinging Strike 0-1: Hit by Pitch Ryan Toth to second
|
|
Batting: RHB Mas Langat
|
0-0: Called Strike 0-1: Ball 1-1: Called Strike 1-2: Ball 2-2: Foul Ball, location: 2F 2-2: Strikes out swinging
|
| Top of the 4th over - 0 runs, 0 hits, 0 errors, 2 left on base; Washington State University 4 - University of Illinois 2 |
| BOTTOM OF THE 4TH |
|
University of Illinois Fighting Illini batting - Pitching for Washington State University Cougars : RHP Steve Cooper
|
|
Batting: LHB Mike Murphy
|
0-0: Called Strike 0-1: Ball 1-1: Ground out U3 (Groundball, 34S, EV 75.6 MPH)
|
|
Batting: SHB Bernie Gallegos
|
0-0: SINGLE (Groundball, 34D, EV 95.6 MPH)
|
|
Batting: RHB Damien Blot
|
0-0: Ball 1-0: Sac Bunt to 15 - play at first, batter OUT! 1-3 Bernie Gallegos to second
|
|
Batting: LHB Matt Highfill
|
0-0: Ball Passed Ball! Bernie Gallegos to third 1-0: Ball 2-0: Ball 3-0: Called Strike 3-1: Called Strike 3-2: Foul Ball, location: 2F 3-2: Base on Balls
|
|
Batting: RHB Hector Flores
|
0-0: Called Strike 0-1: Fly out, F7 (Flyball, 7LM, EV 107.5 MPH)
|
| Bottom of the 4th over - 0 runs, 1 hit, 0 errors, 2 left on base; Washington State University 4 - University of Illinois 2 |
| TOP OF THE 5TH |
|
Washington State University Cougars batting - Pitching for University of Illinois Fighting Illini : RHP Bryan Schauman
|
|
Batting: LHB Scott Spillers
|
0-0: Ground out 5-3 (Groundball, 56, EV 103.8 MPH)
|
|
Batting: SHB Juan Delanoval
|
0-0: Called Strike 0-1: Ball 1-1: Ball 2-1: Swinging Strike 2-2: Foul Ball, location: 2F 2-2: Ball 3-2: Strikes out swinging
|
|
Pitching: RHP Ross Ledford
|
|
|
Batting: LHB Israel Ariza
|
0-0: Called Strike 0-1: Ball 1-1: Called Strike 1-2: Foul Ball, location: 2F 1-2: Foul Ball, location: 2F 1-2: Foul Ball, location: 2F 1-2: Ball 2-2: Strikes out swinging
|
| Top of the 5th over - 0 runs, 0 hits, 0 errors, 0 left on base; Washington State University 4 - University of Illinois 2 |
| BOTTOM OF THE 5TH |
|
University of Illinois Fighting Illini batting - Pitching for Washington State University Cougars : RHP Steve Cooper
|
|
Batting: SHB Dan Strickland
|
0-0: Ball 1-0: Ball 2-0: Fly out, F7 (Flyball, 7LM, EV 83.1 MPH)
|
|
Batting: RHB Lance Borgen
|
0-0: Foul Ball, location: 2F 0-1: Fly out, F9 (Flyball, 9LSF, EV 83.8 MPH)
|
|
Batting: RHB Caleb Dean
|
0-0: Called Strike 0-1: Ball 1-1: Foul Ball, location: 2F 1-2: Ball 2-2: Ball 3-2: Fly out, F9 (Flyball, 9LM, EV 95.6 MPH)
|
| Bottom of the 5th over - 0 runs, 0 hits, 0 errors, 0 left on base; Washington State University 4 - University of Illinois 2 |
| TOP OF THE 6TH |
|
Washington State University Cougars batting - Pitching for University of Illinois Fighting Illini : RHP Ross Ledford
|
|
Batting: RHB Wil Gonzales
|
0-0: Ball 1-0: Ground out 6-3 (Groundball, 6, EV 84.4 MPH)
|
|
Batting: RHB Ryan Toth
|
0-0: Ball 1-0: Foul Ball, location: 2F 1-1: Ball 2-1: Ground out 4-3 (Groundball, 34, EV 98.1 MPH)
|
|
Batting: RHB Ron Essink
|
0-0: Swinging Strike 0-1: Foul Ball, location: 2F 0-2: Ball 1-2: Ball 2-2: Ball 3-2: Foul Ball, location: 2F 3-2: Foul Ball, location: 2F 3-2: Foul Ball, location: 2F 3-2: Base on Balls
|
|
Batting: RHB Joe Weber
|
0-0: Swinging Strike 0-1: Ball 1-1: Ball 2-1: Ball 3-1: Swinging Strike 3-2: Fly out, F5 (Flyball, 5D, EV 88.8 MPH)
|
| Top of the 6th over - 0 runs, 0 hits, 0 errors, 1 left on base; Washington State University 4 - University of Illinois 2 |
| BOTTOM OF THE 6TH |
|
University of Illinois Fighting Illini batting - Pitching for Washington State University Cougars : RHP Steve Cooper
|
|
Batting: RHB Roger Whitaker
|
0-0: Foul Ball, location: 2F 0-1: Called Strike 0-2: Ground out 6-3 (Groundball, 6, EV 106.9 MPH)
|
|
Batting: LHB Mike Murphy
|
0-0: Swinging Strike 0-1: SOLO HOME RUN (Flyball, 9D, EV 93.8 MPH), Distance : 371 ft
|
|
Batting: SHB Bernie Gallegos
|
0-0: Ground out 2-3 (Groundball, 15S, EV 74.4 MPH)
|
|
Batting: RHB Damien Blot
|
0-0: Ball 1-0: Swinging Strike 1-1: Fly out, F4 (Line Drive, 4M, EV 74.4 MPH)
|
| Bottom of the 6th over - 1 run, 1 hit, 0 errors, 0 left on base; Washington State University 4 - University of Illinois 3 |
| TOP OF THE 7TH |
|
Washington State University Cougars batting - Pitching for University of Illinois Fighting Illini : RHP Ross Ledford
|
|
Batting: LHB David Jackson
|
0-0: Ball 1-0: Called Strike 1-1: Ball 2-1: Foul Ball, location: 2F 2-2: Ball 3-2: SINGLE (Line Drive, 3D, EV 96.2 MPH)
|
|
Batting: RHB Mas Langat
|
0-0: Reached on error, E8 (Flyball, 8RM, EV 90.6 MPH) David Jackson to second
|
|
Batting: LHB Scott Spillers
|
0-0: Grounds into DOUBLE play, U5-4-3 (Groundball, 5L, EV 100.6 MPH)
|
|
Batting: SHB Juan Delanoval
|
0-0: Ball Scott Spillers steals 2nd base 1-0: Swinging Strike 1-1: DOUBLE (Flyball, 78D, EV 92.5 MPH) Scott Spillers scores
|
|
Batting: LHB Israel Ariza
|
0-0: Intentional Walk
|
|
Batting: RHB Wil Gonzales
|
0-0: Called Strike 0-1: Swinging Strike 0-2: Strikes out swinging
|
| Top of the 7th over - 1 run, 2 hits, 1 error, 2 left on base; Washington State University 5 - University of Illinois 3 |
| BOTTOM OF THE 7TH |
|
University of Illinois Fighting Illini batting - Pitching for Washington State University Cougars : RHP Steve Cooper
|
|
Batting: LHB Matt Highfill
|
0-0: Fly out, F3 (Popup, 3, EV 77.5 MPH)
|
|
Batting: RHB Hector Flores
|
0-0: Called Strike 0-1: Called Strike 0-2: Foul Ball, location: 2F 0-2: Strikes out swinging
|
|
Batting: SHB Dan Strickland
|
0-0: Ball 1-0: Ball 2-0: Ball 3-0: Foul Ball, location: 2F 3-1: Swinging Strike 3-2: Strikes out swinging
|
| Bottom of the 7th over - 0 runs, 0 hits, 0 errors, 0 left on base; Washington State University 5 - University of Illinois 3 |
| TOP OF THE 8TH |
|
Washington State University Cougars batting - Pitching for University of Illinois Fighting Illini : RHP Ross Ledford
|
|
Batting: RHB Ryan Toth
|
0-0: Ball 1-0: DOUBLE (Line Drive, 3D, EV 98.1 MPH)
|
|
Batting: RHB Ron Essink
|
0-0: Intentional Walk
|
|
Batting: RHB Joe Weber
|
0-0: Ball 1-0: Ball 2-0: Called Strike 2-1: Ball 3-1: Called Strike 3-2: Foul Ball, location: 2F 3-2: Base on Balls Ryan Toth to third Ron Essink to second
|
|
Batting: LHB David Jackson
|
0-0: Called Strike 0-1: Ball 1-1: Ball 2-1: Ball Passed Ball! Ryan Toth scores Ron Essink to third Joe Weber to second 3-1: Intentional Walk
|
|
Batting: RHB Mas Langat
|
0-0: Ball 1-0: Called Strike 1-1: Foul Ball, location: 2F 1-2: Ball 2-2: Ball 3-2: Hit by Pitch Ron Essink scores Joe Weber to third David Jackson to second
|
|
Batting: LHB Scott Spillers
|
0-0: Ball 1-0: Called Strike 1-1: Ball 2-1: Ball 3-1: Base on Balls Joe Weber scores David Jackson to third Mas Langat to second
|
|
Batting: SHB Juan Delanoval
|
0-0: Called Strike 0-1: Ball 1-1: Ball 2-1: Ball 3-1: Base on Balls David Jackson scores Mas Langat to third Scott Spillers to second
|
|
Batting: LHB Israel Ariza
|
0-0: Ball 1-0: Foul Ball, location: 2F 1-1: Ball 2-1: Called Strike 2-2: Ball 3-2: Base on Balls Mas Langat scores Scott Spillers to third Juan Delanoval to second
|
|
Batting: RHB Wil Gonzales
|
0-0: Ball 1-0: SINGLE (Line Drive, 4M, EV 100.6 MPH) Scott Spillers scores Juan Delanoval to third Israel Ariza to second
|
|
Batting: RHB Ryan Toth
|
0-0: Ball 1-0: Ball 2-0: Ball 3-0: Base on Balls Juan Delanoval scores Israel Ariza to third Wil Gonzales to second
|
|
Batting: RHB Ron Essink
|
0-0: Called Strike 0-1: GRAND SLAM HOME RUN (Flyball, 7D, EV 98.8 MPH), Distance : 388 ft
|
|
Batting: RHB Joe Weber
|
0-0: Swinging Strike 0-1: Ground out 4-3 (Groundball, 34, EV 93.8 MPH)
|
|
Pinch Hitting: RHB Miguel Paredes
|
0-0: Fly out, F9 (Flyball, 89S, EV 81.9 MPH)
|
|
Batting: RHB Mas Langat
|
0-0: Fly out, F9 (Flyball, 89M, EV 90.0 MPH)
|
| Top of the 8th over - 11 runs, 3 hits, 0 errors, 0 left on base; Washington State University 16 - University of Illinois 3 |
| BOTTOM OF THE 8TH |
|
University of Illinois Fighting Illini batting - Pitching for Washington State University Cougars : RHP Steve Cooper
|
|
Now in LF: Miguel Paredes
|
|
|
Batting: RHB Lance Borgen
|
0-0: Ball 1-0: Ground out 6-3 (Groundball, 6S, EV 64.4 MPH)
|
|
Batting: RHB Caleb Dean
|
0-0: Fly out, F7 (Line Drive, 78M, EV 96.9 MPH)
|
|
Batting: RHB Roger Whitaker
|
0-0: Ball 1-0: Ball 2-0: Foul Ball, location: 2F 2-1: Fly out, F8 (Flyball, 8RD, EV 106.2 MPH)
|
| Bottom of the 8th over - 0 runs, 0 hits, 0 errors, 0 left on base; Washington State University 16 - University of Illinois 3 |
| TOP OF THE 9TH |
|
Washington State University Cougars batting - Pitching for University of Illinois Fighting Illini : RHP Ross Ledford
|
|
Batting: LHB Scott Spillers
|
0-0: Swinging Strike 0-1: Foul Ball, location: 2F 0-2: Ball 1-2: SINGLE (Groundball, 6MD, EV 101.9 MPH)
|
|
Batting: SHB Juan Delanoval
|
0-0: Called Strike 0-1: Ball 1-1: Swinging Strike 1-2: Ball 2-2: Foul Ball, location: 2F 2-2: Ball 3-2: Base on Balls Scott Spillers to second
|
|
Batting: LHB Israel Ariza
|
0-0: Foul Ball, location: 2F 0-1: Fielders Choice at 2nd, 4-6 (Groundball, 4, EV 109.4 MPH) Scott Spillers to third
|
|
Batting: RHB Wil Gonzales
|
0-0: Fielders Choice at 2nd, 3-6 (Groundball, 34S, EV 87.5 MPH) Scott Spillers scores
|
|
Batting: RHB Ryan Toth
|
0-0: 2-RUN HOME RUN (Flyball, 9D, EV 96.9 MPH), Distance : 369 ft
|
|
Batting: RHB Ron Essink
|
0-0: Ball 1-0: Fly out, F7 (Flyball, 78M, EV 85.0 MPH)
|
| Top of the 9th over - 3 runs, 2 hits, 0 errors, 0 left on base; Washington State University 19 - University of Illinois 3 |
| BOTTOM OF THE 9TH |
|
University of Illinois Fighting Illini batting - Pitching for Washington State University Cougars : RHP Steve Cooper
|
|
Batting: LHB Mike Murphy
|
0-0: Ball 1-0: Ground out 4-3 (Groundball, 4, EV 89.4 MPH)
|
|
Batting: SHB Bernie Gallegos
|
0-0: Ball 1-0: Called Strike 1-1: Foul Ball, location: 2F 1-2: Strikes out swinging
|
|
Batting: RHB Damien Blot
|
0-0: Ball 1-0: Ball 2-0: Called Strike 2-1: Foul Ball, location: 2F 2-2: Ground out 6-3 (Groundball, 6, EV 86.2 MPH)
|
| Bottom of the 9th over - 0 runs, 0 hits, 0 errors, 0 left on base; Washington State University 19 - University of Illinois 3 |
|